 Dungeon Crawl Stone Soup version 0.24.0-13-gcf9b319 (webtiles) character file.

Game seed: 4675242164782819670, levelgen mode: deterministic

54 Fang the Covered (level 3, 0/24 HPs)
             Began as a Gargoyle Fighter on Dec 17, 2019.
             Slain by a gnoll
             ... wielding a +1 flail of protection
              (2 damage)
             ... on level 2 of the Dungeon.
             The game lasted 00:00:30 (461 turns).

Fang the Covered (Gargoyle Fighter)                  Turns: 461, Time: 00:00:31

Health: 0/24       AC: 10    Str: 20    XL:     3   Next: 91%
Magic:  3/3        EV:  7    Int:  8    God:
Gold:   59         SH:  9    Dex:  9    Spells: 2/2 levels left

rFire    . . .     SeeInvis .   a - +0 war axe
rCold    . . .     Gourm    .   c - +0 shield
rNeg     + . .     Faith    .   b - +0 scale mail
rPois    ∞         Spirit   .   (no helmet)
rElec    +         Reflect  .   (no cloak)
rCorr    .         Harm     .   (no gloves)
MR       .....                  (no boots)
Stlth    ..........             (no amulet)
HPRegen  0.08/turn              (no ring)
MPRegen  0.08/turn              (no ring)

@: no status effects
A: negative energy resistance 1, electricity resistance, unbreathing,
petrification resistance, rot immunity, AC +3
a: no special abilities


You were on level 2 of the Dungeon.
You were not hungry.

You visited 1 branch of the dungeon, and saw 2 of its levels.

You collected 59 gold pieces.

Inventory:

Hand Weapons
 a - a +0 war axe (weapon)
Armour
 b - a +0 scale mail (worn)
 c - a +0 shield (worn)
Scrolls
 e - 4 scrolls of identify {unknown}
 g - 2 scrolls of teleportation {unknown}
 h - a scroll of remove curse {unknown}
 k - a scroll of enchant weapon {unknown}
Potions
 d - a potion of might
 j - 2 potions of degeneration {unknown}
 l - a potion of resistance {unknown}
 m - a potion of lignification {unknown}
Comestibles
 f - 6 rations
 i - 7 chunks of flesh


   Skills:
 + Level 3.8 Fighting
 + Level 2.3 Axes
 + Level 3.8 Armour
 + Level 3.8 Shields


You had 2 spell levels left.
You didn't know any spells.
Your spell library was empty.

Dungeon Overview and Level Annotations

Branches:
Dungeon (2/15)

Altars:
Nemelex Xobeh


Innate Abilities, Weirdness & Mutations

You are resistant to torment.
Your stone body is resilient. (AC +3)
You are immune to poison.
You resist negative energy. (rN+)
You are resistant to electric shocks. (rElec)
You can survive without breathing.
You are immune to petrification.
You are immune to rotting.


Message History

You are too injured to fight recklessly!
You are too injured to fight recklessly!
You are too injured to fight recklessly!
You are too injured to fight recklessly!
You are too injured to fight recklessly!
You are too injured to fight recklessly!
The gnoll hits you with a +1 flail of protection.
* * * LOW HITPOINT WARNING * * *
You see here a gnoll corpse.
You barely miss the gnoll.
The gnoll is lightly wounded.
You closely miss the gnoll. You block the gnoll's attack.
The gnoll hits you with a +1 flail of protection.
* * * LOW HITPOINT WARNING * * *
You block the gnoll's attack.
You hit the gnoll.
The gnoll is heavily wounded.
You barely miss the gnoll.
The gnoll hits you with a +1 flail of protection.
You die...

#.................#
####..............####
##...####............#
......#######.>#####...
. .......# #..### ##..
.......# #..(.###....#
.......### #.##.#...#
.......... #.#.†..#
#....##### #..g@###
###.## #....#g.# #...#
##...###.#
###.....#..... ...
####.....# ....
#......# ##...# #<###
.... #..# ##.# #.##


You could see 2 gnolls.

Vanquished Creatures
  2 adders (D:2)
  A gnoll (D:2)
  A leopard gecko (D:2)
  4 giant cockroaches
  7 goblins (D:1)
  2 hobgoblins (D:1)
  A ball python (D:1)
  3 bats (D:1)
  4 rats
25 creatures vanquished.

Notes
Turn   | Place    | Note
-------+----------+-------------------------------------------
     0 | D:1      | Fang the Gargoyle Fighter began the quest for the Orb.
     0 | D:1      | Reached XP level 1. HP: 14/14 MP: 1/1
   122 | D:1      | Reached XP level 2. HP: 19/19 MP: 2/2
   413 | D:2      | Reached XP level 3. HP: 18/24 MP: 3/3
   424 | D:2      | Found a sparkling altar of Nemelex Xobeh.
   461 | D:2      | Slain by a gnoll

Levels and vault maps discovered:
D:1:      ncdulo_lavacross, layout_rooms
D:2:      layout_rooms, old_standard_altar,
          chequers_temple_overflow_statue_of_worship, first_ration,
          nemelex_diamond_rough_becter

Skill      XL: |  1 |
---------------+----+-----
Axes           | 2 |  2.3
Fighting       | |  3.8
Armour         | |  3.8
Shields        | |  3.8

Action                   || total
-------------------------++-------
Melee: War axe           ||    81
Armor: Scale mail        ||    49
Dodge: Dodged            ||    34
Block: Shield            ||    50
